[Event "Titled Tuesday Blitz December 06 Late 2022"]
[White "Guzman Moneo, Alberto"]
[Black "D`Arruda, Ricardo D."]
[WhiteFideId "2209616"]
[BlackFideId "100692"]
[WhiteElo "2157"]
[BlackElo "2463"]
[Result "1-0"]
[Round "09"]
[TimeControl "180+1"]
[Date "2022.12.07"]
[WhiteClock "0:01:25"]
[BlackClock "0:01:32"]

1. c4 e5 2. Nc3 Nf6 3. g3 Nc6 4. Bg2 Be7 5. d3 O-O 6. Nf3 d6 7. O-O Bg4 8. h3 Bh5 9. a3 Qd7 10. b4 Rab8 11. Nd5 Nxd5 12. cxd5 Nd4 13. Nxd4 exd4 14. Bb2 c5 15. dxc6 bxc6 16. g4 Bg6 17. Qa4 Rfc8 18. Rac1 Qe6 19. Bxd4 Qxe2 20. Rfe1 Qxd3 21. Rcd1 Qc2 22. Qxc2 Bxc2 23. Rc1 c5 24. bxc5 dxc5 25. Rxc2 cxd4 26. Rxc8+ Rxc8 27. Rxe7 1-0


[Site "https://www.chess.com"]

[Event "Titled Tuesday Blitz December 06 Late 2022"]
[White "Ibarra Jerez, Jose Carlos"]
[Black "Popilski, Gil"]
[WhiteFideId "2226332"]
[BlackFideId "2809060"]
[WhiteElo "2638"]
[BlackElo "2537"]
[Result "1-0"]
[Round "09"]
[TimeControl "180+1"]
[Date "2022.12.06"]
[WhiteClock "0:00:35"]
[BlackClock "0:00:02"]

1. Nf3 d5 2. g3 e6 3. Bg2 Nf6 4. c4 Be7 5. O-O O-O 6. b3 b6 7. Bb2 Bb7 8. e3 Qc8 9. Nc3 Rd8 10. Rc1 c5 11. Qe2 d4 12. exd4 cxd4 13. Nb5 d3 14. Qe3 Nc6 15. Rfe1 Nb4 16. Qg5 h6 17. Qf4 Nxa2 18. Ra1 Nb4 19. Nxa7 Qc5 20. Bd4 Rxd4 21. Nxd4 Bd6 22. Qh4 Bxg2 23. Kxg2 g5 24. Qxh6 1-0


[Site "https://www.chess.com"]

[Event "Titled Tuesday Blitz December 06 Late 2022"]
[White "Jobava, Baadur"]
[Black "Pultinevicius, Paulius"]
[WhiteFideId "13601520"]
[BlackFideId "12809390"]
[WhiteElo "2582"]
[BlackElo "2486"]
[Result "0-1"]
[Round "09"]
[TimeControl "180+1"]
[Date "2022.12.06"]
[WhiteClock "0:00:01"]
[BlackClock "0:00:22"]

1. e4 c5 2. c4 g6 3. Nc3 Bg7 4. g3 Nc6 5. Bg2 d6 6. Nge2 e6 7. O-O Nge7 8. d3 O-O 9. Be3 Nd4 10. f4 Nec6 11. h3 Rb8 12. Rb1 a6 13. Kh2 b5 14. b3 Bd7 15. Qd2 Qa5 16. Rfd1 Rfd8 17. Bf2 b4 18. Nxd4 bxc3 19. Nxc6 Bxc6 20. Qc2 Bd4 21. Be1 d5 22. cxd5 exd5 23. e5 f6 24. exf6 Bxf6 25. Rbc1 Re8 26. Bxc3 Bxc3 27. Qxc3 Qxa2 28. Rd2 Qxb3 29. Qxc5 Ba8 30. Qd4 Qb4 31. Bxd5+ Bxd5 32. Qxd5+ Kh8 33. Ra2 Rbd8 34. Qc4 Qd6 35. Qc3+ Kg8 36. Qc4+ Kh8 37. Rc3 Re1 38. Kg2 Rde8 39. Rcc2 Qb6 40. Qc3+ Kg8 41. Qc4+ Kh8 42. d4 Qb1 43. Kf3 R1e3+ 44. Kg4 Qe1 0-1


[Site "https://www.chess.com"]

[Event "Titled Tuesday Blitz December 06 Late 2022"]
[White "Joubert, Dantelle"]
[Black "Szyszylo, Rafal"]
[WhiteFideId "14310813"]
[BlackFideId "1109626"]
[WhiteElo "1507"]
[BlackElo "1981"]
[Result "0-1"]
[Round "09"]
[TimeControl "180+1"]
[Date "2022.12.07"]
[WhiteClock "0:00:02"]
[BlackClock "0:00:06"]

1. d4 d6 2. c4 Nf6 3. Nc3 g6 4. e4 Bg7 5. Nf3 O-O 6. Be2 Na6 7. O-O e5 8. dxe5 dxe5 9. Qxd8 Rxd8 10. Bg5 c6 11. Rfd1 Bg4 12. h3 Bxf3 13. Bxf3 Nc5 14. b3 Ne6 15. Be3 Bf8 16. Kf1 Nd4 17. Bxd4 exd4 18. Ne2 d3 19. Nf4 d2 20. Ke2 Bb4 21. a3 Bc3 22. Ra2 Re8 23. Rc2 Ba5 24. b4 Bc7 25. Rcxd2 Bxf4 26. Rd3 a5 27. g3 Be5 28. c5 axb4 29. axb4 Ra4 30. Kf1 Rxb4 31. Rd8 Kf8 32. Rxe8+ Kxe8 33. h4 h5 0-1


[Site "https://www.chess.com"]

[Event "Titled Tuesday Blitz December 06 Late 2022"]
[White "Kamsky, Gata"]
[Black "Boyer, Mahel"]
[WhiteFideId "2000024"]
[BlackFideId "45102422"]
[WhiteElo "2666"]
[BlackElo "2455"]
[Result "1-0"]
[Round "09"]
[TimeControl "180+1"]
[Date "2022.12.06"]
[WhiteClock "0:00:19"]
[BlackClock "0:00:38"]

1. d4 d6 2. Nf3 e5 3. dxe5 Nc6 4. e4 Bg4 5. Bb5 dxe5 6. Bxc6+ bxc6 7. Qxd8+ Rxd8 8. Be3 a6 9. Nbd2 f6 10. Nc4 Ne7 11. Nfd2 Ng6 12. f3 Be6 13. g3 h5 14. h4 Be7 15. Ke2 Nf8 16. Na5 Bd7 17. c3 Ne6 18. Ndc4 c5 19. a4 Rb8 20. b3 Kf7 21. Rad1 Rhd8 22. Rd5 Be8 23. Rhd1 Rdc8 24. R5d2 Rd8 25. Rxd8 Bxd8 26. f4 exf4 27. gxf4 Be7 28. f5 Nd8 29. Bf4 Nc6 30. Bxc7 Rc8 31. Bf4 Nxa5 32. Nxa5 c4 33. Nxc4 Bxa4 34. Nb6 Bb5+ 35. c4 Rc6 36. Nd5 Bxc4+ 37. bxc4 Rxc4 38. Kd3 Ra4 39. Rb1 Ra3+ 40. Ke2 Bc5 41. Rb7+ Kg8 42. e5 fxe5 43. Bxe5 Bf8 44. f6 Ra5 45. Rd7 Ra4 46. Kf3 Rg4 47. f7+ Kh7 48. Bd6 Bxd6 49. Rxd6 Rg1 50. Nf6+ Kg6 51. f8=Q Rf1+ 52. Kg2 Rxf6 53. Rxf6+ gxf6 54. Kf3 1-0


[Site "https://www.chess.com"]

[Event "Titled Tuesday Blitz December 06 Late 2022"]
[White "Kaplan, Avi Harrison"]
[Black "Kaganskiy, Gleb"]
[WhiteFideId "30934559"]
[BlackFideId "4132025"]
[WhiteElo "1983"]
[BlackElo "2165"]
[Result "1-0"]
[Round "09"]
[TimeControl "180+1"]
[Date "2022.12.07"]
[WhiteClock "0:00:09"]
[BlackClock "0:00:16"]

1. d4 Nf6 2. c4 e6 3. Nc3 d5 4. cxd5 Nxd5 5. e4 Nxc3 6. bxc3 c5 7. Nf3 cxd4 8. cxd4 Bb4+ 9. Bd2 Bxd2+ 10. Qxd2 O-O 11. Bd3 b6 12. e5 Bb7 13. h4 Bxf3 14. gxf3 Nc6 15. Rd1 Nxd4 16. Be4 Nf5 17. Qf4 Qc7 18. Bxa8 Rxa8 19. O-O h5 20. Rd2 Qe7 21. Rfd1 Nxh4 22. Rd7 Qg5+ 23. Qxg5 Nxf3+ 24. Kg2 Nxg5 25. Rb7 Rc8 26. Rxa7 Rc4 27. Ra6 b5 28. Rb1 Rg4+ 29. Kf1 h4 30. Rxb5 h3 31. Rb8+ Kh7 32. Raa8 Kg6 33. Rh8 Nh7 34. Ra3 h2 35. Rxh7 Kxh7 36. Rh3+ Kg6 37. Rxh2 Ra4 38. f3 Kf5 39. Re2 Kf4 40. Kf2 Ra3 41. Re4+ Kf5 42. Re2 Kf4 43. Re4+ Kf5 44. Kg3 Ra5 45. Rf4+ Kxe5 46. Rxf7 Rxa2 47. Rxg7 Kf6 48. Rg4 Ra5 49. Rf4+ Rf5 50. Ra4 Rg5+ 51. Kf4 Rf5+ 52. Kg3 Rg5+ 53. Kf2 Rf5 54. Ra8 Rb5 55. Ra4 Rc5 56. Ke3 Re5+ 57. Kf2 Rf5 58. Ra8 Rb5 59. Rf8+ Ke7 60. Rh8 Kf6 61. Rh6+ Kf7 62. Kg3 Rb4 63. Rh7+ Kf6 64. Rc7 Rb5 65. Rc6 Rb4 66. Rc5 Ra4 67. Rh5 Rb4 68. Rh6+ Kf7 69. f4 Rb5 70. Kg4 Ra5 71. Rh7+ Kf6 72. Rh6+ Kf7 73. Rh1 Kf6 74. Rb1 Kf7 75. Rb8 Kf6 76. Rf8+ Ke7 77. Rh8 Kf6 78. Rh1 Kf7 79. Re1 Kf6 80. Re4 Kf7 81. Kf3 Kf6 82. Kg3 Kf7 83. Re5 Kf6 84. Rxa5 Kf7 85. Kg4 Kf6 86. Re5 1-0


[Site "https://www.chess.com"]

[Event "Titled Tuesday Blitz December 06 Late 2022"]
[White "Kavutskiy, Konstantin"]
[Black "Tomaszewski, Kacper"]
[WhiteFideId "2026384"]
[BlackFideId "1127373"]
[WhiteElo "2386"]
[BlackElo "2211"]
[Result "1-0"]
[Round "09"]
[TimeControl "180+1"]
[Date "2022.12.07"]
[WhiteClock "0:00:30"]
[BlackClock "0:00:04"]

1. d4 d5 2. c4 e6 3. Nc3 Nf6 4. cxd5 exd5 5. Bg5 c6 6. e3 Bf5 7. Qf3 Bc8 8. Bxf6 Qxf6 9. Qxf6 gxf6 10. Bd3 Bd6 11. Nge2 Nd7 12. Ng3 Nb6 13. Rc1 Be6 14. b3 Ba3 15. Rb1 a5 16. Kd2 Kd7 17. f4 Kc7 18. Rhg1 Bb4 19. Rbc1 a4 20. Ke2 Bxc3 21. Rxc3 axb3 22. axb3 Ra2+ 23. Rc2 Bg4+ 24. Kd2 Ra3 25. h3 Bd7 26. Rb2 Rg8 27. Nh5 Bxh3 28. Nxf6 Rxg2+ 29. Rxg2 Bxg2 30. Nxh7 Nd7 31. Kc3 Bf3 32. Ng5 Bh5 33. Rh2 Bd1 34. Rb2 Bh5 35. Kb4 Ra1 36. Rh2 Bg6 37. f5 Rg1 38. Nh3 Rg3 39. fxg6 fxg6 40. Nf4 Rxe3 41. Bxg6 b6 42. Rh7 c5+ 43. Ka4 Kd6 44. Bf5 Nf6 45. Rh6 b5+ 46. Ka5 Ke7 47. Rxf6 Kxf6 48. Nxd5+ Kxf5 49. Nxe3+ Ke4 50. dxc5 1-0


[Site "https://www.chess.com"]

[Event "Titled Tuesday Blitz December 06 Late 2022"]
[White "Kleiman, Jake"]
[Black "Petrovic, Aleksa"]
[WhiteFideId "2020041"]
[BlackFideId "967629"]
[WhiteElo "2611"]
[BlackElo "2230"]
[Result "1/2-1/2"]
[Round "09"]
[TimeControl "180+1"]
[Date "2022.12.06"]
[WhiteClock "0:00:05"]
[BlackClock "0:00:08"]

1. e4 c6 2. Nc3 d5 3. Nf3 Bg4 4. h3 Bh5 5. Be2 Nf6 6. Ne5 Bxe2 7. Qxe2 e6 8. O-O Nbd7 9. Nf3 Nxe4 10. Nxe4 dxe4 11. Qxe4 Nf6 12. Qe2 Be7 13. d4 O-O 14. c4 Qa5 15. Bd2 Qa6 16. Rfe1 b5 17. b3 Rab8 18. Bf4 Rb7 19. Ne5 bxc4 20. bxc4 Bb4 21. Red1 Nd5 22. Qf3 Nxf4 23. Qxf4 Bd6 24. Qe4 Rc8 25. c5 Bxe5 26. dxe5 Rb5 27. Qe3 Qa5 28. Rac1 Qxa2 29. Rd7 h6 30. Qf3 Rf8 31. Qxc6 Qb2 32. Rf1 a5 33. Qd6 a4 34. Ra7 Qc3 35. Rc7 a3 36. Rd1 a2 37. Qxf8+ Kh7 38. Qxf7 Qxe5 39. Ra7 Rb1 40. Qd7 a1=Q 41. Rxa1 Rxa1 42. c6 Rxd1+ 43. Qxd1 Qc3 44. Qb1+ Kh8 45. Qb8+ Kh7 46. c7 Qe1+ 47. Kh2 Qe5+ 48. g3 Qd4 49. Kg2 Qe4+ 50. Kh2 Qd4 51. Kg1 Qd1+ 52. Kg2 Qd5+ 53. Kh2 Qd4 1/2-1/2


[Site "https://www.chess.com"]

[Event "Titled Tuesday Blitz December 06 Late 2022"]
[White "Kollars, Dmitrij"]
[Black "Maksimovic, Bojan"]
[WhiteFideId "12909572"]
[BlackFideId "14408120"]
[WhiteElo "2584"]
[BlackElo "2462"]
[Result "1-0"]
[Round "09"]
[TimeControl "180+1"]
[Date "2022.12.06"]
[WhiteClock "0:02:19"]
[BlackClock "0:01:01"]

1. e4 c5 2. Nf3 e6 3. c3 d5 4. exd5 Qxd5 5. d4 Nf6 6. Na3 Nc6 7. Nb5 Qd8 8. dxc5 Bxc5 9. Qxd8+ Kxd8 10. b4 Bb6 11. a4 a6 12. Nd6 Ke7 13. Nc4 Bc7 14. b5 axb5 15. Ba3+ Ke8 16. axb5 Nb8 17. b6 Bd8 18. Nd6+ 1-0


[Site "https://www.chess.com"]

[Event "Titled Tuesday Blitz December 06 Late 2022"]
[White "Kovacevic, Radmila"]
[Black "Bogaudinov, Rushan"]
[WhiteFideId "933171"]
[BlackFideId "4129288"]
[WhiteElo "2244"]
[BlackElo "2028"]
[Result "1-0"]
[Round "09"]
[TimeControl "180+1"]
[Date "2022.12.07"]
[WhiteClock "0:00:03"]
[BlackClock "0:00:36"]

1. e4 a6 2. d4 e6 3. c4 Nf6 4. Bd3 b5 5. e5 bxc4 6. exf6 cxd3 7. fxg7 Bxg7 8. Qxd3 Bb7 9. Nf3 Qf6 10. Nbd2 Nc6 11. d5 Ne5 12. Nxe5 Qxe5+ 13. Qe2 Qxe2+ 14. Kxe2 Bxd5 15. f3 Rb8 16. Kd3 h5 17. Kc2 h4 18. Re1 h3 19. g3 Bd4 20. Ne4 f5 21. Ng5 Ke7 22. Rd1 Bf6 23. Rf1 Rbg8 24. f4 e5 25. Bd2 e4 26. Bc3 Bxc3 27. Kxc3 Bc6 28. b3 Bb5 29. Rfe1 c5 30. Rad1 Bd3 31. Rxd3 Kd8 32. Rd5 Ke7 33. Rxf5 d6 34. Rxe4+ Kd7 35. Rf7+ Kc6 36. Rf6 Kd5 37. Ree6 Rd8 38. Ne4 Rhe8 39. Rxe8 Rxe8 40. Nxd6 Re2 41. Nc4 Rxh2 42. Rd6+ Ke4 43. Rd1 Rxa2 44. Rh1 h2 45. Nd2+ Kf5 46. Rxh2 Kg4 47. Rg2 Ra1 48. Kc4 Rc1+ 49. Kd5 Rc2 50. Ke5 Kh3 51. Re2 Kxg3 52. Ne4+ Kf3 53. Rxc2 1-0


[Site "https://www.chess.com"]

[Event "Titled Tuesday Blitz December 06 Late 2022"]
[White "Lewicki, Miroslaw"]
[Black "Yurasova, Daria"]
[WhiteFideId "1113380"]
[BlackFideId "34146919"]
[WhiteElo "2191"]
[BlackElo "2098"]
[Result "1-0"]
[Round "09"]
[TimeControl "180+1"]
[Date "2022.12.06"]
[WhiteClock "0:00:09"]
[BlackClock "0:00:08"]

1. f3 d5 2. Kf2 Nf6 3. g3 e5 4. Kg2 Bd6 5. b3 O-O 6. Bb2 c5 7. d3 Nc6 8. e3 Bf5 9. Nd2 Bg6 10. Nh3 e4 11. dxe4 dxe4 12. f4 Bc7 13. Bc4 a6 14. a4 Rb8 15. Re1 b5 16. axb5 axb5 17. Bf1 Ba5 18. c3 Nd5 19. Qc2 Qc8 20. Nf2 Re8 21. c4 Ndb4 22. Qc3 f6 23. cxb5 Nd3 24. Rxa5 Nxa5 25. Bxd3 exd3 26. Qxa5 Qb7+ 27. e4 f5 28. Qa6 Qf7 29. e5 Qd5+ 30. Kg1 Ra8 31. Qc6 Qxc6 32. bxc6 Rec8 33. Nxd3 Rxc6 34. Nc4 Bf7 35. Rc1 Rd8 36. e6 Bxe6 37. Nde5 Rcc8 38. Ba3 Rb8 39. Nc6 Bxc4 40. Nxd8 Rxd8 41. Rxc4 Rd3 42. Bxc5 Rxb3 43. Bd4 Kf7 44. Rc7+ Ke6 45. Rxg7 Rb1+ 46. Kg2 Kd5 47. Be5 Ke4 48. Rxh7 Rd1 49. Rc7 Rd2+ 50. Kh3 Kf3 51. Rc3+ Ke4 52. g4 Kd5 53. gxf5 1-0


[Site "https://www.chess.com"]

[Event "Titled Tuesday Blitz December 06 Late 2022"]
[White "Mahdavi, Reza"]
[Black "Xu, Grant"]
[WhiteFideId "12595926"]
[BlackFideId "2052318"]
[WhiteElo "2242"]
[BlackElo "2186"]
[Result "1-0"]
[Round "09"]
[TimeControl "180+1"]
[Date "2022.12.06"]
[WhiteClock "0:02:24"]
[BlackClock "0:01:22"]

1. e4 e6 2. d4 d5 3. Nc3 Bb4 4. exd5 exd5 5. Bd3 Nf6 6. Ne2 O-O 7. O-O h6 8. Bf4 Re8 9. f3 Bd6 10. Qd2 Bxf4 11. Nxf4 c6 12. Rae1 Nbd7 13. g4 Nf8 14. h4 Rxe1 15. Rxe1 Qb6 16. g5 hxg5 17. hxg5 N6h7 18. Bxh7+ Kxh7 19. Re8 Ng6 20. Qh2+ 1-0


[Site "https://www.chess.com"]

[Event "Titled Tuesday Blitz December 06 Late 2022"]
[White "Makridis, Dimitrios"]
[Black "Aghasiyev, Kamal"]
[WhiteFideId "25864475"]
[BlackFideId "13402854"]
[WhiteElo "2272"]
[BlackElo "2341"]
[Result "1-0"]
[Round "09"]
[TimeControl "180+1"]
[Date "2022.12.07"]
[WhiteClock "0:00:04"]
[BlackClock "0:00:02"]

1. d4 Nf6 2. Nf3 e6 3. Nbd2 d5 4. c3 c5 5. e3 Nc6 6. Ne5 Nxe5 7. dxe5 Nd7 8. f4 Be7 9. Bd3 O-O 10. O-O f5 11. exf6 Nxf6 12. Nf3 Qc7 13. Ne5 Bd6 14. Ng4 Bd7 15. Bd2 Rae8 16. Nxf6+ Rxf6 17. Qf3 Ref8 18. g3 Bc6 19. e4 c4 20. Bc2 Qb6+ 21. Be3 Qxb2 22. Rac1 Kh8 23. Bd4 e5 24. exd5 exd4 25. dxc6 d3 26. Ba4 Rh6 27. h4 b5 28. Rb1 Qxc3 29. Bxb5 Qd4+ 30. Kg2 Re6 31. Rbe1 Rfe8 32. Rxe6 Rxe6 33. c7 Bxc7 34. Qa8+ Qd8 35. Qxd8+ Bxd8 36. Bxc4 Rd6 37. Re1 g6 38. Re8+ Kg7 39. g4 d2 40. g5 1-0


[Site "https://www.chess.com"]

[Event "Titled Tuesday Blitz December 06 Late 2022"]
[White "Manukyan, Sargis A."]
[Black "Averjanov, Alexey"]
[WhiteFideId "13303970"]
[BlackFideId "14109867"]
[WhiteElo "2187"]
[BlackElo "2652"]
[Result "1/2-1/2"]
[Round "09"]
[TimeControl "180+1"]
[Date "2022.12.06"]
[WhiteClock "0:02:32"]
[BlackClock "0:02:04"]

1. Nf3 c5 2. g3 Nc6 3. d4 cxd4 4. Nxd4 g6 5. Bg2 Bg7 6. Nb3 Nf6 7. O-O h5 8. h3 d6 9. Nc3 O-O 10. Bg5 a5 11. a4 Be6 12. Qd2 Rc8 13. Bh6 Qb6 14. Bxg7 Kxg7 15. Nb5 Bxb3 16. cxb3 Nb4 17. Rac1 Rc5 18. Rxc5 dxc5 19. Rc1 Rd8 1/2-1/2


[Site "https://www.chess.com"]

[Event "Titled Tuesday Blitz December 06 Late 2022"]
[White "Marcolino, Daniel Mattos"]
[Black "Osmonbekov, Talaibek"]
[WhiteFideId "2106841"]
[BlackFideId "2017253"]
[WhiteElo "2158"]
[BlackElo "2135"]
[Result "0-1"]
[Round "09"]
[TimeControl "180+1"]
[Date "2022.12.07"]
[WhiteClock "0:01:25"]
[BlackClock "0:01:55"]

1. d4 e6 2. Nf3 f5 3. g3 Nf6 4. Bg2 Be7 5. O-O O-O 6. b3 a5 7. Bb2 a4 8. c4 a3 9. Bc3 Ne4 10. Qc2 Na6 11. Nbd2 Nxc3 12. Qxc3 c5 13. d5 Bf6 14. Qc2 Nb4 15. Qc1 Bb2 16. Qd1 e5 17. e4 d6 18. Qe2 Bxa1 19. Rxa1 f4 20. Nf1 g5 21. Rd1 g4 0-1


[Site "https://www.chess.com"]

[Event "Titled Tuesday Blitz December 06 Late 2022"]
[White "Martinez Alcantara, Jose Eduardo"]
[Black "Dardha, Daniel"]
[WhiteFideId "3805662"]
[BlackFideId "240990"]
[WhiteElo "2707"]
[BlackElo "2528"]
[Result "1-0"]
[Round "09"]
[TimeControl "180+1"]
[Date "2022.12.06"]
[WhiteClock "0:00:15"]
[BlackClock "0:00:02"]

1. e4 e5 2. Nf3 Nf6 3. Nxe5 d6 4. Nf3 Nxe4 5. d4 d5 6. Bd3 Be7 7. O-O O-O 8. c4 Nc6 9. Nc3 Nxc3 10. bxc3 dxc4 11. Bxc4 Bf5 12. Bf4 Bd6 13. Qd2 Na5 14. Be2 Re8 15. Rfe1 h6 16. h3 Nc6 17. Bc4 Qf6 18. Bxd6 cxd6 19. Qf4 Rac8 20. Nh4 Bd7 21. Qxf6 gxf6 22. Bd5 Kf8 23. Nf3 Rxe1+ 24. Rxe1 Na5 25. Nd2 Bc6 26. Bb3 Nxb3 27. axb3 d5 28. Ra1 a6 29. c4 dxc4 30. bxc4 Be8 31. c5 Rd8 32. Nb3 Bc6 33. f3 Ke7 34. Kf2 Kd7 35. Na5 Bd5 36. Rb1 Kc7 37. Rb6 h5 38. Rxf6 Be6 39. Ke3 b6 40. cxb6+ Kxb6 41. Nc4+ Kb5 42. Ne5 a5 43. Nxf7 Bxf7 44. Rxf7 Kc4 45. Ra7 Kb4 46. Ke4 a4 47. d5 a3 48. Ke5 Kb3 49. d6 Re8+ 50. Kd5 a2 51. d7 Rg8 52. Ke6 Kb2 53. g4 hxg4 54. hxg4 Rh8 55. g5 Ra8 56. Rxa8 1-0


[Site "https://www.chess.com"]

[Event "Titled Tuesday Blitz December 06 Late 2022"]
[White "Martinez Reyes, Pedro Ramon"]
[Black "Meunier, Clement"]
[WhiteFideId "3901807"]
[BlackFideId "20667930"]
[WhiteElo "2354"]
[BlackElo "2233"]
[Result "1-0"]
[Round "09"]
[TimeControl "180+1"]
[Date "2022.12.07"]
[WhiteClock "0:02:03"]
[BlackClock "0:00:55"]

1. f4 e5 2. fxe5 d6 3. exd6 Bxd6 4. Nf3 Nf6 5. e4 Nxe4 6. Qe2 Qe7 7. d3 Nf6 8. Qxe7+ Bxe7 9. Nc3 O-O 10. Bf4 c6 11. Be2 Be6 12. Nd4 Bd7 13. O-O-O Na6 14. Bf3 Rfe8 15. Rhe1 Bb4 16. Nb3 h6 17. h3 Nc5 18. Nxc5 Bxc5 19. Be5 Re6 20. Bxf6 Rxf6 21. Ne4 Be7 22. Nxf6+ Bxf6 23. Bg4 Be8 24. Re2 Kf8 25. Rde1 c5 26. c3 Rd8 27. Kc2 Ba4+ 28. b3 Bc6 29. Bf3 Bxf3 30. gxf3 b5 31. Re4 a5 32. a4 b4 33. cxb4 axb4 34. Rc4 Bd4 35. Re4 f5 36. Rexd4 cxd4 37. Rxb4 Kf7 38. a5 Kf6 39. a6 Kg5 40. a7 Ra8 41. Ra4 Kf4 42. b4 Kxf3 43. b5 Ke2 44. b6 1-0


[Site "https://www.chess.com"]

[Event "Titled Tuesday Blitz December 06 Late 2022"]
[White "Mazurkiewicz, Michal"]
[Black "Fernandez De La Vara, Arnaldo"]
[WhiteFideId "1124943"]
[BlackFideId "3518388"]
[WhiteElo "2081"]
[BlackElo "2387"]
[Result "1-0"]
[Round "09"]
[TimeControl "180+1"]
[Date "2022.12.07"]
[WhiteClock "0:00:05"]
[BlackClock "0:00:01"]

1. e4 c5 2. Nf3 e6 3. d3 Nc6 4. g3 g6 5. Bg2 Bg7 6. O-O Nge7 7. Re1 d5 8. Nbd2 O-O 9. e5 f6 10. exf6 Bxf6 11. c3 g5 12. Nb3 g4 13. Ng5 e5 14. Nxc5 Qd6 15. d4 h6 16. dxe5 Bxe5 17. Nd3 Bg7 18. Bf4 Qg6 19. Ne5 Nxe5 20. Bxe5 Qxg5 21. Bd6 Bf6 22. Bxd5+ Kg7 23. Bf4 Qg6 24. Be4 Bf5 25. Bxb7 Rad8 26. Qb3 h5 27. Qa3 Qf7 28. Bg2 Ng6 29. Qa6 Nxf4 30. gxf4 Kh7 31. Rad1 Rxd1 32. Rxd1 Rd8 33. Rf1 Bg7 34. Qb7 1-0


[Site "https://www.chess.com"]

[Event "Titled Tuesday Blitz December 06 Late 2022"]
[White "Melkumyan, Hrant"]
[Black "Andreikin, Dmitry"]
[WhiteFideId "13302485"]
[BlackFideId "4158814"]
[WhiteElo "2604"]
[BlackElo "2735"]
[Result "0-1"]
[Round "09"]
[TimeControl "180+1"]
[Date "2022.12.06"]
[WhiteClock "0:00:05"]
[BlackClock "0:00:08"]

1. d4 d5 2. c4 e6 3. Nf3 a6 4. cxd5 exd5 5. Nc3 Nf6 6. Bg5 Be6 7. e3 Nbd7 8. h3 Bd6 9. Bd3 c6 10. O-O O-O 11. Qc2 Qb8 12. Ne2 Re8 13. Bf4 Nf8 14. b4 Ng6 15. Bxd6 Qxd6 16. Qc5 Qd7 17. Ne5 Qc8 18. f4 Bf5 19. Bxf5 Qxf5 20. Ng3 Qc8 21. Qc2 Qd8 22. a4 Ne7 23. Rab1 Nc8 24. b5 cxb5 25. axb5 a5 26. Rfc1 Nd6 27. b6 a4 28. Ra1 Qxb6 29. Rxa4 Rac8 30. Qb1 Rxc1+ 31. Qxc1 h5 32. Ra1 h4 33. Nf1 Rc8 34. Qe1 Nf5 35. Rb1 Qa6 36. Nf3 Rc2 37. Rc1 Rxc1 38. Qxc1 Qc4 39. Qb1 Qc8 40. Ng5 g6 41. Qb6 Kg7 42. Qb4 Qc7 43. Qb5 Qc6 44. Qb4 b5 45. Qa3 Qb7 46. Qb4 Qa6 47. Qc3 Qa7 48. Qb4 Qb7 49. Kh2 Ne4 50. Nxe4 dxe4 51. Kg1 Ne7 52. Nd2 Nd5 53. Qb3 Nf6 54. Qb2 b4 55. d5 Qxd5 56. Qxb4 Qd3 57. Qd4 Qxd4 58. exd4 e3 59. Nc4 Nd5 60. Kf1 Kf6 61. Ke2 Nxf4+ 62. Kf3 e2 63. Kf2 g5 64. Ne5 e1=Q+ 65. Kxe1 Nxg2+ 66. Kf2 Nf4 67. Ng4+ Kf5 68. Ne3+ Ke4 69. d5 Nxh3+ 70. Kf1 Kxe3 71. d6 Nf4 72. d7 Ne6 73. d8=Q Nxd8 0-1


[Site "https://www.chess.com"]

[Event "Titled Tuesday Blitz December 06 Late 2022"]
[White "Mladek, Richard"]
[Black "Walentukiewicz, Michal"]
[WhiteFideId "386588"]
[BlackFideId "1126903"]
[WhiteElo "2271"]
[BlackElo "2028"]
[Result "0-1"]
[Round "09"]
[TimeControl "180+1"]
[Date "2022.12.07"]
[WhiteClock "0:00:21"]
[BlackClock "0:00:52"]

1. e4 g6 2. d4 Bg7 3. Nf3 c5 4. dxc5 Qa5+ 5. Bd2 Qxc5 6. Nc3 Nf6 7. b4 Qxb4 8. e5 Ng4 9. Rb1 Qc5 10. Ne4 Qc7 11. Be2 Nxe5 12. O-O Nbc6 13. Qc1 O-O 14. Bh6 d5 15. Nc5 Ng4 16. Bxg7 Kxg7 17. h3 Nf6 18. c4 d4 19. Bd3 b6 20. Ne4 Nxe4 21. Bxe4 Be6 22. Bxc6 Qxc6 23. Nxd4 Qxc4 24. Qb2 Kg8 25. a3 Rfd8 26. Rbd1 Rac8 27. Rfe1 Rd6 28. Re3 Rcd8 29. Red3 Bc8 30. h4 e5 31. Rc3 Qd5 32. Rdc1 Qxd4 33. Qb5 Be6 34. h5 Qh4 35. Re1 Rd1 36. Re3 Rxe1+ 37. Rxe1 Qxh5 38. a4 Rd1 39. Rxd1 Qxd1+ 40. Kh2 Qd5 41. Qe8+ Kg7 42. Qe7 Qd7 43. Qb4 f6 44. a5 bxa5 45. Qxa5 Bd5 46. Qa6 Bc6 47. Qa5 h5 48. f3 g5 49. Qc5 g4 50. fxg4 hxg4 51. Qe3 Kg6 52. Qe2 Qf5 53. Qc2 Qxc2 54. Kg3 Qxg2+ 55. Kh4 Qh3# 0-1


[Site "https://www.chess.com"]

[Event "Titled Tuesday Blitz December 06 Late 2022"]
[White "Moral Garcia, Serafin"]
[Black "Jimenez Almeida, Luis David"]
[WhiteFideId "2201925"]
[BlackFideId "22242244"]
[WhiteElo "2259"]
[BlackElo "2158"]
[Result "0-1"]
[Round "09"]
[TimeControl "180+1"]
[Date "2022.12.07"]
[WhiteClock "0:00:19"]
[BlackClock "0:00:30"]

1. Nf3 g6 2. g3 Bg7 3. Bg2 f5 4. d4 Nf6 5. O-O O-O 6. b3 d6 7. Bb2 a5 8. a3 c6 9. Nbd2 Qe8 10. Re1 Ne4 11. c4 Nd7 12. Nxe4 fxe4 13. Nd2 d5 14. f3 e5 15. fxe4 exd4 16. Qc2 dxe4 17. Qxe4 Qxe4 18. Nxe4 a4 19. b4 Ne5 20. Nd6 Be6 21. c5 Nc4 22. Nxc4 Bxc4 23. Rad1 Rad8 24. Be4 Bb3 25. Rb1 Bh6 26. Bc1 Be3+ 27. Bxe3 dxe3 28. Bd3 Kf7 29. Rf1+ Ke6 30. Rb2 Ke5 31. Rxf8 Rxf8 32. Bc2 Kd4 33. Bxb3 Kc3 34. Bxa4 Kxb2 35. b5 cxb5 36. Bxb5 Kxa3 37. c6 bxc6 38. Bxc6 Rf2 39. Bb5 h6 40. h4 g5 41. hxg5 hxg5 42. Bc4 Kb4 43. Bd3 Kc3 44. Ba6 Kd2 45. Bc4 Ke1 0-1


[Site "https://www.chess.com"]

[Event "Titled Tuesday Blitz December 06 Late 2022"]
[White "Nasuta, Grzegorz"]
[Black "Eljanov, Pavel"]
[WhiteFideId "1141686"]
[BlackFideId "14102951"]
[WhiteElo "2441"]
[BlackElo "2598"]
[Result "0-1"]
[Round "09"]
[TimeControl "180+1"]
[Date "2022.12.06"]
[WhiteClock "0:00:58"]
[BlackClock "0:01:32"]

1. e4 c6 2. d4 d5 3. e5 Bf5 4. Nf3 e6 5. Be2 Nd7 6. O-O a5 7. a4 f6 8. Nbd2 fxe5 9. Nxe5 Nxe5 10. dxe5 Bc5 11. Nb3 Bb6 12. c3 Ne7 13. Nd4 O-O 14. g4 Bxd4 15. cxd4 Be4 16. f3 Bg6 17. Qb3 c5 18. dxc5 Nc6 19. Qe3 d4 20. Qb3 d3 21. Bd1 d2 22. Qxe6+ Kh8 23. Qd6 dxc1=Q 24. Rxc1 Qg5 25. Rc3 Rad8 26. Qe6 Nxe5 0-1


[Site "https://www.chess.com"]

[Event "Titled Tuesday Blitz December 06 Late 2022"]
[White "O`Gorman, Tom"]
[Black "Sivakumar, Shaaketh"]
[WhiteFideId "2508249"]
[BlackFideId "30940176"]
[WhiteElo "2271"]
[BlackElo "2174"]
[Result "1-0"]
[Round "09"]
[TimeControl "180+1"]
[Date "2022.12.06"]
[WhiteClock "0:02:08"]
[BlackClock "0:02:12"]

1. e4 e6 2. d4 d5 3. Nd2 c5 4. Ngf3 Nc6 5. exd5 exd5 6. Bb5 Qe7+ 7. Qe2 Qxe2+ 8. Kxe2 a6 9. Bxc6+ bxc6 10. dxc5 Bxc5 11. Nb3 Bd6 12. Be3 a5 13. Rhe1 Ba6+ 14. Kd2 Ne7 15. Bc5 Kd7 16. Ne5+ Bxe5 17. Rxe5 Ng6 18. Re3 a4 19. Nd4 Rhe8 20. Rae1 Rxe3 21. Rxe3 f6 22. f4 Re8 23. Rxe8 Kxe8 24. g3 Kd7 25. Nf5 h5 26. Nxg7 h4 27. Nf5 hxg3 28. hxg3 Nh8 29. Bd4 Ke6 30. Ng7+ Kf7 31. Nh5 Ng6 32. Nxf6 c5 33. Be5 Bc4 34. Nd7 Bxa2 35. Nxc5 Ne7 36. Nxa4 Kg6 37. b3 Kf5 38. Nc3 Kg4 39. Nxa2 Kxg3 40. Nc3 Kf3 41. Kd3 Nc6 42. Nxd5 Nb4+ 43. Nxb4 1-0


[Site "https://www.chess.com"]